 Dungeon Crawl Stone Soup version 0.22.0-38-g04b72b8 (webtiles) character file.

69 Marcoleric the Vandal (level 4, 0/29 HPs)
             Began as a Halfling Hunter on Aug 27, 2018.
             Succumbed to a kobold's poison
             ... on level 2 of the Dungeon.
             The game lasted 00:07:04 (1775 turns).

Marcoleric the Vandal (Halfling Hunter)             Turns: 1775, Time: 00:07:05

Health: 0/29       AC:  3    Str: 13    XL:     4   Next: 42%
Magic:  4/4        EV: 15    Int:  9    God:
Gold:   60         SH:  0    Dex: 15    Spells: 3/3 levels left

rFire    . . .     SeeInvis .   b - +0 short sword
rCold    . . .     Gourm    .   (shield restricted)
rNeg     . . .     Faith    .   c - +0 leather armour
rPois    .         Spirit   .   (no helmet)
rElec    .         Reflect  .   (no cloak)
rCorr    .         Harm     .   (no gloves)
MR       .....                  (no boots)
Stlth    ++........             (no amulet)
HPRegen  0.09/turn              (no ring)
MPRegen  0.09/turn              (no ring)

@: lethally poisoned (0 -> -4)
A: small, mutation resistance 1
a: no special abilities


You were on level 2 of the Dungeon.
You were not hungry.

You visited 1 branch of the dungeon, and saw 2 of its levels.

You collected 60 gold pieces.

Inventory:

Hand Weapons
 a - a +1 hunting sling
 b - a +0 short sword (weapon)
Missiles
 d - 17 sling bullets
 g - 3 stones (quivered)
Armour
 c - a +0 leather armour (worn)
Scrolls
 e - a scroll of identify
 h - 2 scrolls of immolation
 i - a scroll of fear {unknown}
 j - a scroll of teleportation {unknown}
Comestibles
 f - a ration


   Skills:
 + Level 2.0 Fighting
 + Level 0.4 Short Blades
 * Level 7.4 Slings
 + Level 0.4(3.1) Throwing
 + Level 0.7 Armour
 + Level 2.4 Dodging
 + Level 1.3 Stealth


You had 3 spell levels left.
You didn't know any spells.
Your spell library was empty.

Dungeon Overview and Level Annotations

Branches:
Dungeon (2/15)

Altars:


Innate Abilities, Weirdness & Mutations

You are small and have problems with some larger weapons.
You are somewhat resistant to further mutation.


Message History

You kill the adder!
The kobold closely misses you.
You closely miss the kobold. The kobold misses you.
The kobold closely misses you.
The kobold hits you but does no damage. x2
You are lethally poisoned!
You completely miss the kobold.
* * * LOW HITPOINT WARNING * * *
You feel sick.
An adder comes into view.
The kobold closely misses you. The kobold hits you but does no damage.
The kobold closely misses you.
The adder hisses angrily.
You hit the kobold.
You kill the kobold!
* * * LOW HITPOINT WARNING * * *
You feel sick. The kobold completely misses you. The kobold barely misses you.
The kobold closely misses you. x2
Things that are here:
a short sword of venom; a kobold corpse; an adder corpse You die...

#.#.....'........#.#
.########....####....†...#.#
.........................(..
#####.....#########.###.##.#
###.##((....#####.###..#.#
#....'(..................#
#....#)†..K.##............
#....#..K)..# .......#.#.#
#....#...@..##.......#...#
#.....(.(...# .......##.÷#
#...#S###(#..........##..#
#.....K.....##....).......
#...#.###.#.# .........#.#
#...#.#?#.#.+ .....###.# ###
#.###.# # ####. ... .(......
# ..#. ..#.###.# ... .


You could see an adder and 2 kobolds.

Vanquished Creatures
  2 adders (D:2)
  A worm (D:2)
  3 dart slugs
  A leopard gecko (D:2)
  A bat (D:1)
  2 giant cockroaches
  6 goblins
  5 hobgoblins
  6 jackals (D:1)
  A quokka (D:2)
  3 frilled lizards
  3 kobolds
  6 rats
40 creatures vanquished.

Notes
Turn   | Place    | Note
-------+----------+-------------------------------------------
     0 | D:1      | Marcoleric the Halfling Hunter began the quest for the Orb.
     0 | D:1      | Reached XP level 1. HP: 14/14 MP: 1/1
   105 | D:1      | Reached skill level 6 in Slings
   108 | D:1      | Reached XP level 2. HP: 19/19 MP: 2/2
   658 | D:1      | Reached XP level 3. HP: 24/24 MP: 3/3
   829 | D:1      | Reached skill level 7 in Slings
  1346 | D:2      | Reached XP level 4. HP: 3/29 MP: 4/4
  1773 | D:2      | HP: 1/29 [poisoned by a kobold]
  1775 | D:2      | Succumbed to a kobold's poison

Skill      XL: |  1  2  3 |
---------------+----------+-----
Slings         | 6 7 |  7.4
Fighting       | 2 |  2.0
Short Blades   | |  0.4
Throwing       | |  0.4
Armour         | |  0.7
Dodging        | |  2.4
Stealth        | |  1.3

Action                   |  1- 3 |  4- 6 || total
-------------------------+-------+-------++-------
Melee: Short sword       |    58 |    22 ||    80
       Hunting sling     |     7 |       ||     7
 Fire: Hunting sling     |    44 |       ||    44
Throw: Stone             |     2 |    40 ||    42
  Use: Scroll            |     4 |       ||     4
       Potion            |     1 |       ||     1
 Stab: Sleeping          |     1 |       ||     1
  Eat: Ration            |     1 |       ||     1
Armor: Leather armour    |     8 |     9 ||    17
Dodge: Dodged            |    49 |    52 ||   101
